[Event "2nd Serbia Open Masters 2022"]
[Site "Novi Sad"]
[Date "2022.07.01"]
[Round "4.45"]
[White "Spasic, Petar"]
[Black "Radovanovic, Nikola"]
[Result "1-0"]
[ECO "A10"]
[WhiteElo "2336"]
[BlackElo "2423"]
[Annotator "TA"]
[PlyCount "119"]
[EventDate "2022.06.28"]
[EventType "swiss"]
[EventCountry "SRB"]
[SourceTitle "playchess.com"]
[Source "ChessBase"]
[SourceQuality "1"]
[TimeControl "40/5400+30:900+30"]

1. c4 e6 2. Nf3 f5 3. g3 Nf6 4. Bg2 Be7 5. O-O d5 6. b3 {[%emt 0:05:53] A10: English Opening: Unusual Replies for Black.} Nc6 7. Bb2 {[%emt 0:03:27] [#] Inhibits e5.} d4 $146 ({Predecessor:} 7... O-O 8. e3 a5 9. Nc3 Ne4 10. Nb5 a4 11. d3 Nc5 12. cxd5 exd5 13. Bc3 axb3 14. axb3 Rxa1 15. Qxa1 {0-1 (75) Agrest,E (2682)-Karlsson,L (2550) Sweden 2005}) 8. e3 {[%emt 0:02:56][%cal Re3d4] White is slightly better.} d3 9. Nd4 Na5 10. f4 c5 11. Nf3 Nc6 (11... O-O $142) 12. Ne5 $16 Nxe5 (12... Nb4 $16) 13. fxe5 $18 (13. Bxe5 $6 O-O $14) 13... Ng4 14. e4 $1 (14. h3 $6 Nh6 $16) 14... O-O 15. exf5 exf5 16. Bd5+ Kh8 17. h3 Nh6 18. Qf3 $36 {[%emt 0:03:43][%csl LRb7,LRd3][%mdl 2048] White is in control.} a5 19. Nc3 Ra6 20. Qxd3 (20. Bxb7 $6 Bxb7 21. Qxb7 Rg6 $16) 20... Rg6 21. Ne2 Bh4 22. Rf3 f4 23. Be4 Qxd3 24. Bxd3 Rg5 25. Kg2 {[%emt 0:07:06] And now Raf1 would win.} (25. Rxf4 Rxf4 26. Nxf4 Rxg3+ 27. Ng2 Rxd3 $15) 25... Bxg3 26. Nxg3 Rxg3+ 27. Rxg3 fxg3 28. Kxg3 (28. Be4 $142) 28... Rd8 (28... Nf5+ $142 29. Bxf5 Rxf5) 29. Be4 $16 Rxd2 {[%emt 0:01:01] [#]} (29... Nf5+ $16 30. Kf3 Be6) 30. Rf1 $1 $18 {[%emt 0:00:44] Strongly threatening Rf8+.} Rd8 {[%emt 0:00:45] Inhibits Rf8+.} 31. Bc1 {[%emt 0:00:43] This bishop pair is nice.} Re8 32. Bxh6 gxh6 {[%emt 0:00:01][%mdl 4096] Endgame KRB-KRB} 33. Rf7 Rxe5 34. Rf8+ (34. Rxh7+ $6 Kg8 $16) (34. Bxh7 b6 $16) (34. Bxb7 Rg5+ 35. Kh4 Rf5 $16) (34. Kf4 $18 Kg8 35. Rc7 (35. Kxe5 Kxf7 36. h4 Ke8 $18)) 34... Kg7 $16 35. Rxc8 {[%emt 0:00:03] White is more active.} Rxe4 36. Rxc5 {[%emt 0:00:03] KR-KR} b6 37. Rc7+ Kg8 38. Rc6 Re2 (38... Re3+ $142 39. Kg4 h5+ 40. Kh4 (40. Kxh5 Rxh3+ 41. Kg5 Rh2 $16) 40... a4) 39. Rxb6 $18 Rxa2 40. Kf4 $1 ({Inferior is} 40. Rxh6 Ra3 $14) 40... Rh2 $2 (40... a4 {is tougher.} 41. Ke5 a3) 41. Ke5 {[%emt 0:21:36] Hoping for c5.} Rxh3 (41... Kf8 $142 42. Rxh6 Kg7) 42. c5 Kf7 {[%emt 0:02:58] [#]} 43. Rb7+ $2 ({White has to play} 43. Kd6 $1 $18 Rd3+ 44. Kc7) 43... Ke8 $11 44. Kd6 Rd3+ 45. Kc7 {[%emt 0:00:20] Black must now prevent c6.} h5 46. c6 {[%emt 0:00:20] White wants to mate with Kb8.} Rc3 $1 47. b4 axb4 48. Rxb4 {[%emt 0:00:04] Threatens to win with Rh4.} Kf7 49. Kb6 h4 $2 (49... Kf6 $11 {and Black stays safe.}) 50. c7 $2 ({White must play} 50. Rxh4 $18 Rb3+ 51. Kc7) 50... h3 $2 (50... Kg6 $11) 51. Rh4 $18 Rb3+ 52. Ka5 Rc3 {[%emt 0:00:45] [#]} 53. Rxh3 $3 Rc1 {[%emt 0:00:30] [#]} (53... Rxh3 54. c8=Q) 54. Rxh7+ $2 (54. Rh1 $3 $18 Rxh1 55. c8=Q Rh5+ 56. Kb6) 54... Ke6 $11 55. Kb6 {[%emt 0:00:14][%cal Oh7h1] Rh1! would kill now.} Kd6 $2 (55... Rb1+ $11 56. Kc6 Rc1+ 57. Kb7 Rb1+ 58. Kc8 Rb4) 56. Kb7 {[%emt 0:00:48] White mates.} Rb1+ 57. Kc8 Rg1 58. Rh6+ Kc5 59. Kb7 Rb1+ 60. Ka7 {[%emt 0:00:06] Weighted Error Value: White=0.36/Black=0.61} 1-0

[Event "2nd Serbia Open Masters 2022"]
[Site "Novi Sad"]
[Date "2022.07.01"]
[Round "4.46"]
[White "Srija, Seshadri"]
[Black "Salimova, Nurgyul"]
[Result "1-0"]
[ECO "B12"]
[WhiteElo "2241"]
[BlackElo "2418"]
[Annotator "TA"]
[PlyCount "107"]
[EventDate "2022.06.28"]
[EventType "swiss"]
[EventCountry "SRB"]
[SourceTitle "playchess.com"]
[Source "ChessBase"]
[SourceQuality "1"]
[TimeControl "40/5400+30:900+30"]

1. e4 c6 2. d4 d5 3. e5 Bf5 4. c4 e6 5. Nc3 Ne7 6. a3 Nd7 {[%emt 0:00:48] B12: Caro-Kann: Advance Variation.} 7. c5 h6 8. f4 a5 {[%emt 0:04:16] The position is equal.} 9. Be3 b6 10. b4 {[%emt 0:00:31] [#]} bxc5 $146 (10... g5 $11) ({Predecessor:} 10... axb4 11. axb4 Rxa1 12. Qxa1 bxc5 13. bxc5 f6 14. Nf3 g5 15. exf6 Nxf6 16. fxg5 Ng4 {½-½ (24) Brestian,E (2392)-Klings,P (2152) Triesen 2009}) 11. bxc5 $16 Rb8 12. Nf3 Bg4 13. Be2 Nf5 14. Bf2 g5 15. Qa4 Qc7 16. h3 ({But not} 16. fxg5 Bxf3 17. Bxf3 hxg5 $15) 16... Bxf3 17. Bxf3 gxf4 {[%emt 0:01:43][%cal Od7e5] [#] ...Nxe5! is the strong threat.} 18. O-O Be7 19. Ne2 Bg5 20. Bg4 {[%emt 0:00:48] And now Bxf5 would win.} Ne3 21. Bxe3 fxe3 22. Qc2 O-O 23. Qc3 (23. Rad1 $5 ) 23... Kh8 24. Nf4 Bxf4 (24... Nf6 $1 $11 {keeps the balance.}) 25. Rxf4 {[%emt 0:00:06] Threatens to win with Raf1.} f5 26. Be2 Qd8 {[%emt 0:00:38] Inhibits Rh4.} 27. Qxe3 Qg5 {[%emt 0:00:21] Inhibits Rg4.} 28. Raf1 (28. h4 $1 $14 Qg7 29. Bd1) 28... Rg8 $1 $11 29. R1f2 a4 (29... Nf8 $11) 30. R4f3 ({Better is} 30. h4 $14 Rb1+ 31. Kh2) 30... Qg7 $2 (30... Rb1+ $11 31. Kh2 Nf8) 31. Qc1 Nf8 32. Bd1 {[%emt 0:02:27] Inhibits Rb3.} Ra8 33. Rb2 Nh7 34. h4 Nf8 35. Kh2 {[%emt 0:01:23] White is more active.} Ra7 36. Qd2 Qg4 (36... Kh7 $16 37. Rb6 Qc7) 37. Rh3 (37. Qxh6+ Rh7 38. Qf6+ Rhg7 $11) 37... Qg6 38. Kh1 Qh7 39. Qc2 (39. Rb6 $18) 39... Ng6 40. Qc1 {[%emt 0:00:00] Inhibits Nf4.} Rag7 (40... h5 $16 41. Rg3 (41. Qg5 Rf7 $16) 41... f4) 41. Bxa4 $18 Ne7 {[%emt 0:02:18] [#]} 42. Bd1 {[%emt 0:01:22][%cal Ba4d1,Bd1h5,Bh5f7,Bf7g8,Bg8e6][%mdl 32] Inhibits Rg4.} f4 43. Qxf4 {[%emt 0:03:06] Hoping for Qf6.} Rf7 (43... Nf5 {was necessary.} 44. Kh2 Ng3) 44. Qd2 Qg7 45. Kh2 Nf5 (45... Rf1 $142 46. Bg4 Nf5 47. Bxf5 exf5) 46. Bh5 Ng3 (46... Ra7 $142 47. g4 Ra4) 47. Bxf7 Nf1+ 48. Kg1 {[%emt 0:00:23] White threatens Qf4 and mate.} Nxd2 49. Bxg8 Ne4 50. Rb8 Qa7 51. Rhb3 {[%emt 0:00:33] White mates.} Qa5 52. Bxe6+ Kg7 53. Rg8+ Kh7 54. Rb7+ {[%emt 0:00:01] Weighted Error Value: White=0.11 (very precise) /Black=0.39} 1-0

[Event "2nd Serbia Open Masters 2022"]
[Site "Novi Sad"]
[Date "2022.07.01"]
[Round "4.47"]
[White "Popvasilev, Kaloyan"]
[Black "Perunovic, Miodrag"]
[Result "0-1"]
[ECO "B56"]
[WhiteElo "2192"]
[BlackElo "2413"]
[Annotator "TA"]
[PlyCount "92"]
[EventDate "2022.06.28"]
[EventType "swiss"]
[EventCountry "SRB"]
[SourceTitle "playchess.com"]
[Source "ChessBase"]
[SourceQuality "1"]
[TimeControl "40/5400+30:900+30"]

1. e4 c5 2. Nf3 d6 3. d4 cxd4 4. Nxd4 Nf6 5. Nc3 Nc6 6. f3 e5 7. Nb3 Be7 8. Be3 O-O 9. Qd2 Be6 10. Nd5 a5 {[%emt 0:00:06][%cal Ba7a5,Ba5a4][%mdl 32] B56: Classical Sicilian: Unusual Lines.} 11. c4 a4 12. Nc1 b5 $1 {[%emt 0:00:01][%mdl 4] The position is equal. outshines the older 12...Nd7.} 13. cxb5 Bxd5 14. exd5 Nd4 15. Bc4 Qc8 16. b3 (16. Qd3 $11) 16... axb3 $17 {[%emt 0:01:54][%mdl 64] Remove Defender. 0x0.001764b76533dp-1022s more active pieces.} 17. Bxb3 Nxb3 {[%emt 0:06:02][%mdl 64] Remove Defender} (17... Nxb5 18. Ne2 $11) 18. Nxb3 Qc4 $1 19. Na5 Qxb5 20. Nc6 Bd8 {[%emt 0:00:12] [#]} 21. Nxd8 $146 ({Predecessor:} 21. Bg5 Ba5 22. Nxa5 Rxa5 23. Bxf6 gxf6 24. Qh6 Qd3 25. Kf2 Qc2+ 26. Kg3 Qg6+ 27. Qxg6+ hxg6 {½-½ (59) Stany,G (2517)-Dhananjay,S (2310) Guwahati 2022}) 21... Rfxd8 (21... Raxd8 $6 22. a4 Qxd5 23. a5 $11) 22. Bg5 Rdc8 23. Bxf6 gxf6 24. Kf2 Rc4 25. Rhc1 Rd4 26. Qh6 Qb6 ({Don't play} 26... Rxd5 $6 27. Qxf6 (27. Kg3 e4 $17) 27... Rd2+ 28. Kg3 $11) 27. Kg3 Rf4 $1 28. Rc3 {[%emt 0:02:22] Inhibits Qe3.} Kh8 $1 29. Rac1 Rg8+ 30. Kh3 Qf2 31. R1c2 $1 Qf1 {[%emt 0:00:46] Threatens to win with ...Qb5.} 32. a4 {[%emt 0:05:13] Prevents Qb5. Black keeps a firm grip on the game.} Qd1 $40 {[%emt 0:14:31][%mdl 128] Black is out for blood.} 33. Rc4 $2 {[%emt 0:00:34][%mdl 8192] [#]} (33. Rc8 Rxf3+ $1 34. g3 Qf1+ 35. Kh4 Rfxg3 $3 36. Rxg8+ Rxg8 37. Qe3 Qd1 38. Qe2 Qd4+ 39. Kh3 Qxd5 40. Rc3 Qe6+ 41. Kh4 Rg6 42. Qc4 Rh6+ 43. Kg3 Qh3+ 44. Kf2 Qxh2+ 45. Ke1 Qh1+ 46. Kd2 Rh2+ 47. Qe2 Rxe2+ 48. Kxe2 Qg2+ 49. Kd1 Qg4+ 50. Kc1 Qxa4 51. Rh3 f5 52. Re3 f4 53. Rc3 f3 54. Kb2 Qd4 55. Kb3 Qd1+ 56. Kb2 f2 57. Rc8+ Kg7 58. Rc1 Qd2+ 59. Kb1 e4 60. Rf1 e3) (33. g3 $17 Rxf3 34. Rxf3 (34. Rc8 $2 Qf1+ 35. Kh4 Rfxg3 $19) 34... Qxf3 35. Rb2) 33... Rxf3+ $1 34. gxf3 Qxf3+ 35. Kh4 {[%emt 0:00:03][%cal Oc2e2] [#] Strongly threatening Re2!} e4 $1 36. Qh5 Qf4+ 37. Kh3 Qf1+ 38. Kh4 Rg5 39. Qxg5 fxg5+ 40. Kxg5 {[%emt 0:00:00] KQ-KRR} f6+ 41. Kh4 Qf4+ 42. Kh3 Qf3+ 43. Kh4 Kg7 {[%emt 0:02:39] ( -> ...f5)} 44. R2c3 e3 {[%emt 0:01:22] Black mates.} 45. Rc7+ Kg6 46. Re7 Kf5 {[%emt 0:00:45] Weighted Error Value: White=0.45/Black=0.03 (flawless)} 0-1

[Event "2nd Serbia Open Masters 2022"]
[Site "Novi Sad"]
[Date "2022.07.01"]
[Round "4.48"]
[White "Aakash Sharadchandra, Dalvi"]
[Black "Amartuvshin, Ganzorig"]
[Result "0-1"]
[ECO "E94"]
[WhiteElo "2074"]
[BlackElo "2350"]
[Annotator "TA"]
[PlyCount "78"]
[EventDate "2022.06.28"]
[EventType "swiss"]
[EventCountry "SRB"]
[SourceTitle "playchess.com"]
[Source "ChessBase"]
[SourceQuality "1"]
[TimeControl "40/5400+30:900+30"]

1. d4 Nf6 2. c4 g6 3. Nc3 Bg7 4. e4 d6 5. Nf3 O-O 6. Be2 Na6 7. O-O e5 8. Be3 Ng4 9. Bg5 Qe8 10. dxe5 dxe5 11. Rb1 {[%emt 0:00:09] [#] E94: King's Indian: Classical: 6 Be2 e5 7 0-0: Various Black 7th moves.} f5 $146 ({Predecessor:} 11... c6 12. b4 f6 13. Bc1 Nc7 14. b5 Ne6 15. bxc6 bxc6 16. Qa4 Nd4 17. Bd1 Nh6 18. Ba3 Rf7 19. Nxd4 exd4 {1-0 (26) Fichtner,B (2407)-Sandstroem,L (2436) ICCF email 2016}) 12. h3 Nf6 13. Bxf6 (13. b4 $1 $14) 13... Bxf6 $11 14. b4 Be6 (14... c6 $11) 15. c5 Rd8 16. Qc2 c6 17. Bd3 f4 18. Bxa6 bxa6 19. Rfd1 g5 20. Rxd8 $1 Qxd8 21. Rd1 Qc8 22. Rd6 {[%emt 0:11:00] White is more active.} Be7 23. Rd2 ({Much weaker is} 23. Nxe5 Bxd6 24. cxd6 Qb8 $14) 23... Qc7 24. Nd5 cxd5 $15 25. exd5 Bf5 26. Qb3 (26. Qd1 $17 Bf6 27. d6) 26... Bf6 $19 27. d6+ (27. Rd1 {is a better defense.}) 27... Qf7 {[%emt 0:01:03] White must now prevent ...Qxb3.} 28. c6 (28. d7 $142 e4 29. Ne5 Qxb3 30. axb3) 28... Qxb3 29. axb3 Kf7 30. d7 Ke7 31. Rd5 Kd8 32. Nxe5 Be4 33. Rd4 Bxg2 {[%emt 0:00:46] Black is clearly winning.} ({Stronger than} 33... Bxe5 34. Rxe4 Bd6 35. Kf1 $17) 34. Kxg2 {[%emt 0:03:02] [#] And now Re4 would win.} Bxe5 {[%emt 0:00:06] KRB-KR} 35. Re4 f3+ 36. Kf1 Rf5 37. Ke1 Kc7 {[%emt 0:18:04] Hoping for ...Bf6.} 38. Kd1 Bf6 39. Re6 Bd8 {[%emt 0:00:07] Weighted Error Value: White=0.36/Black=0.05 (flawless)} 0-1

[Event "2nd Serbia Open Masters 2022"]
[Site "Novi Sad"]
[Date "2022.07.01"]
[Round "4.49"]
[White "Papaioannou, Dimitrios"]
[Black "Risteski, Emil"]
[Result "1-0"]
[ECO "B32"]
[WhiteElo "2078"]
[BlackElo "2391"]
[Annotator "TA"]
[PlyCount "82"]
[EventDate "2022.06.28"]
[EventType "swiss"]
[EventCountry "SRB"]
[SourceTitle "playchess.com"]
[Source "ChessBase"]
[SourceQuality "1"]
[TimeControl "40/5400+30:900+30"]

1. e4 c5 2. Nf3 Nc6 3. d4 cxd4 4. Nxd4 e5 5. Nb5 d6 6. c4 Be7 7. N1c3 a6 8. Na3 f5 9. exf5 Bxf5 10. Bd3 Be6 11. Nc2 Nf6 {[%emt 0:00:58] Against Qh5+. B32: Sicilian: Löwenthal and Kalashnikov Variations.} 12. O-O O-O 13. Nd5 Rb8 {[%emt 0:07:04] White is slightly better.} 14. b3 Qd7 15. Ba3 {[%emt 0:00:00] [#]} g6 $146 ({Predecessor:} 15... Kh8 16. Nce3 b5 17. Qd2 Bd8 18. Rac1 Bxd5 19. Nxd5 Nxd5 20. cxd5 Nd4 21. f4 Bf6 {1-0 (35) Agmanov,Z (2354)-Ozates,T (2225) Porto Carras 2018}) 16. Be2 {[%emt 0:00:00] White is more active.} Rbd8 17. Qd2 Bf5 18. Nxe7+ Qxe7 19. Ne3 Be6 20. Rae1 Ne4 21. Qc1 Nd4 22. Bd3 ({White should try} 22. Nc2 $16) 22... Ng5 (22... Nc5 $11 23. Bxc5 dxc5) 23. Kh1 $16 {[%emt 0:00:34][%cal Of2f4] aiming for f4!} Rf4 $2 {[%emt 0:01:22][%mdl 8192] [#] This costs Black the game.} (23... Qd7 $16) 24. Nd5 $1 $18 Bxd5 25. Qxf4 $1 exf4 26. Rxe7 Bc6 27. f3 Nde6 28. Re1 Nc5 29. Bc2 Kf8 30. Bc1 Nf7 31. Bxf4 d5 (31... Nd7 $142 32. Bd2 Rc8) 32. b4 Nd7 33. Bb3 Nf6 34. Bc1 {[%emt 0:02:08][%cal Ob4b5] [#] Threatens to win with b5!} dxc4 35. Bxc4 Nd5 36. Bxd5 Rxd5 37. Rc7 g5 38. Be3 {[%emt 0:00:14] Strongly threatening Bc5+.} h5 39. h3 g4 (39... Kg7 $142 40. Bc1 Kg6 41. Re6+ Kf5) 40. fxg4 hxg4 41. hxg4 {[%emt 0:01:35] And now Bc5+ would win.} Ne5 {[%emt 0:00:38] Weighted Error Value: White=0.27 (precise) /Black=0.58} 1-0

[Event "2nd Serbia Open Masters 2022"]
[Site "Novi Sad"]
[Date "2022.07.01"]
[Round "4.50"]
[White "Utsab Chatterjee"]
[Black "Mehmed, Elif"]
[Result "1/2-1/2"]
[ECO "B69"]
[WhiteElo "2403"]
[BlackElo "2220"]
[Annotator "TA"]
[PlyCount "130"]
[EventDate "2022.06.28"]
[EventType "swiss"]
[EventCountry "SRB"]
[SourceTitle "playchess.com"]
[Source "ChessBase"]
[SourceQuality "1"]
[TimeControl "40/5400+30:900+30"]

1. e4 c5 2. Nf3 d6 3. d4 cxd4 4. Nxd4 Nf6 5. Nc3 Nc6 6. Bg5 e6 7. Qd2 a6 8. O-O-O Bd7 9. f4 Be7 10. Nf3 b5 11. Bxf6 gxf6 12. f5 Qb6 13. fxe6 {[%emt 0:01:26] B69: Sicilian: Richter-Rauzer: 7...a6 8 0-0-0 Bd7 9 f4 Be7 10 Nf3 b5 11 Bxf6.} fxe6 14. Ne2 {[%emt 0:00:12] [#]} Qa5 $146 ({Predecessor:} 14... O-O-O 15. Nf4 Kb8 16. g3 Rhe8 17. Bh3 Bf8 18. Bg4 Bc8 19. Rhf1 Ne5 20. Bh5 Re7 {0-1 (29) Wozniak,M (1880)-Dmochowska,A (1683) Solina 2012}) 15. Qxa5 Nxa5 16. Nf4 Bf8 {[%emt 0:20:17] And now ...Bh6 would win.} 17. g3 Ke7 18. Bh3 Bh6 {[%emt 0:04:12] ...e5 is the strong threat.} 19. Kb1 Nc6 20. Rhe1 Rhg8 21. Re2 Ne5 22. Nd4 {[%emt 0:00:24][%cal Rh3e6] Pair of Knights!} Ng4 23. a3 Rac8 24. Nb3 Rb8 25. Na5 Rb6 26. b4 Ne5 27. Rf1 Rbb8 28. Ref2 Rgf8 29. Rd1 Rfc8 30. Ka2 Rc3 31. Nb3 (31. Rfd2 $15) 31... Rbc8 $17 32. Rdd2 (32. Nd4 $17) 32... Bxf4 33. gxf4 Nf3 ({Stronger than} 33... Rxh3 34. fxe5 fxe5 35. Rg2 $17) 34. Rd3 Ne1 (34... Rxc2+ $142 35. Rxc2 Rxc2+ 36. Kb1 Rf2) 35. Rg3 (35. Rxc3 {keeps fighting.} Rxc3 36. Bg4) 35... Rxg3 $19 ({Avoid the trap} 35... Rxc2+ $2 36. Rxc2 Rxc2+ 37. Kb1 Rxh2 38. Nd4 $19) ({Not} 35... Nxc2 36. Rg7+ Kd8 37. Rxh7 $11) 36. hxg3 Rxc2+ 37. Rxc2 Nxc2 {[%emt 0:00:03][%mdl 4096] Endgame KBN-KBN} 38. Bf1 e5 39. Kb2 (39. fxe5 $142 fxe5 40. Bd3) 39... Ne3 40. Be2 Bc6 (40... Bg4 $19 41. Bxg4 Nxg4) 41. Nd2 (41. fxe5 $17 {was the only defense.} fxe5 42. Nd2) 41... Bd7 $2 ({Black should play} 41... f5 $19 {Threatens to win with ...exf4.} 42. fxe5 fxe4) 42. Nf1 $2 (42. Nb3 $11) 42... Nxf1 43. Bxf1 {[%emt 0:00:07] KB-KB} Bc6 44. fxe5 fxe5 45. Bg2 Kf6 $1 46. Kc3 Kg5 $1 {[%emt 0:00:05] White must now prevent ...Kg4.} 47. Bf3 h5 48. Kd3 h4 $1 49. gxh4+ {[%emt 0:00:22] [#]} Kf4 $1 50. Bg2 Be8 (50... Kg3 $19 51. Bf1 Kf3 52. Be2+ Kf4) 51. Bh3 $11 Bg6 52. Bc8 Bxe4+ 53. Kd2 $1 Kf3 $2 {[%emt 0:01:02] [#]} (53... Bc6 $11) 54. Bxa6 $2 (54. h5 $1 $18) 54... Bc6 {[%emt 0:00:29] Hoping for ...Kf2. The position is equal.} 55. h5 Kf2 $1 56. h6 {[%emt 0:02:36] Intending h7 and mate.} e4 57. h7 e3+ 58. Kd3 e2 59. h8=Q {[%emt 0:00:07] White wants to mate with Qd4+.} e1=Q {[%emt 0:00:05] KQB-KQB} 60. Qh4+ Kf1 61. Qf4+ Kg2 62. Qg5+ Kf1 {[%emt 0:01:07] ( -> ...Qe2+)} 63. Qf4+ Kg2 64. Qd2+ Kf1 65. Qxe1+ Kxe1 {[%emt 0:00:04] Black had all chances to win.  Weighted Error Value: White=0.63/Black=0.35} 1/2-1/2

[Event "2nd Serbia Open Masters 2022"]
[Site "Novi Sad"]
[Date "2022.07.01"]
[Round "4.51"]
[White "Wagh Suyog"]
[Black "Indjic, Aleksandar"]
[Result "0-1"]
[ECO "A64"]
[WhiteElo "2352"]
[BlackElo "2621"]
[Annotator "TA"]
[PlyCount "80"]
[EventDate "2022.06.28"]
[EventType "swiss"]
[EventCountry "SRB"]
[SourceTitle "playchess.com"]
[Source "ChessBase"]
[SourceQuality "1"]
[TimeControl "40/5400+30:900+30"]

1. d4 Nf6 2. c4 c5 3. d5 g6 4. Nc3 Bg7 5. Nf3 O-O 6. g3 e6 7. Bg2 exd5 8. cxd5 d6 9. O-O Re8 10. Nd2 Nbd7 11. a4 {[%emt 0:00:30] The main line 11.a4 scores better than 11.h3.} a6 12. Ra2 Nh5 $5 {[%emt 0:00:30][%mdl 4] An interesting side line. A64: Modern Benoni: Fianchetto Variation: 9...Nbd7 10 Nd2 a6 11 a4 Re8.} 13. Nce4 Ndf6 14. Nc3 Ng4 {[%emt 0:00:30] The position is equal.} 15. h3 Ne5 {[%emt 0:00:30] [#]} 16. f4 $146 ({Predecessor:} 16. Kh2 f5 17. f4 Nf7 18. e4 Nf6 19. Re1 b6 20. Nc4 fxe4 21. Nxe4 Nxe4 22. Rxe4 Rxe4 23. Bxe4 Bd7 24. g4 {½-½ (40) Plischki,S (2375)-Elias,J (1997) Prague 2022}) 16... Nxg3 {[%emt 0:00:30][%cal Oe5g4] aiming for ...Ng4!} 17. fxe5 Nxf1 18. Qxf1 Rxe5 19. Nf3 (19. Nc4 $11) 19... Re8 ({Black should play} 19... Rh5 $17 20. Ra3 Bd7) 20. Bf4 h6 21. a5 g5 22. Bg3 f5 23. Kh1 {[%emt 0:00:30] White is on the road to losing.} (23. Bf2 $15) 23... f4 $17 24. Bf2 Qe7 25. Ng1 (25. Nd2 $17) 25... Bf5 $19 26. Qd1 (26. Ra1 $142) 26... Qf7 27. Qd2 Re7 28. Ra1 Rae8 29. Re1 (29. Qc1 $142) 29... Qh5 30. Rf1 Bd7 31. Be1 Re3 32. Bf2 $2 {[%emt 0:00:30] [#]} (32. Rf3 g4 33. Rxe3 fxe3 34. Qd3) 32... Bxh3 $1 33. Nxh3 Rxh3+ 34. Kg1 Rh2 35. Ra1 g4 36. Qxf4 {[%emt 0:00:30] [#]} Rxg2+ $1 37. Kxg2 Qh3+ 38. Kg1 Be5 {[%emt 0:00:30][%cal Bg7e5,Be5h2,Bh2g3][%mdl 32] Black mates.} 39. Qf5 Bh2+ 40. Kh1 Bg3+ {[%emt 0:00:30] Weighted Error Value: White=0.64/Black=0.08 (flawless)} 0-1

[Event "2nd Serbia Open Masters 2022"]
[Site "Novi Sad"]
[Date "2022.07.01"]
[Round "4.52"]
[White "Mendonca, Leon Luke"]
[Black "Jocev, Milan"]
[Result "1-0"]
[ECO "D12"]
[WhiteElo "2551"]
[BlackElo "2317"]
[Annotator "TA"]
[PlyCount "69"]
[EventDate "2022.06.28"]
[EventType "swiss"]
[EventCountry "SRB"]
[SourceTitle "playchess.com"]
[Source "ChessBase"]
[SourceQuality "1"]
[TimeControl "40/5400+30:900+30"]

1. d4 d5 2. c4 c6 3. Nf3 Nf6 4. e3 Bf5 5. Nc3 e6 6. Nh4 Bg6 7. Qb3 Qb6 8. Nxg6 hxg6 9. Bd2 {[%emt 0:12:42] D12: Slav Defence: 3 Nf3 Nf6 4 e3 Bf5.} Nbd7 10. Be2 Qc7 {[%emt 0:04:26] [#]} 11. cxd5 $146 {[%emt 0:03:31] White is slightly better.} ({Predecessor:} 11. h3 Nb6 12. Rc1 Be7 13. O-O g5 14. cxd5 exd5 15. f4 gxf4 16. exf4 O-O 17. f5 {½-½ (27) Kempinski,R (2617)-Bindrich,F (2504) Czech Republic 2010}) 11... exd5 12. h4 Qb6 13. Qc2 g5 14. h5 g4 15. O-O-O Rxh5 (15... O-O-O $14) 16. Rxh5 $16 Nxh5 17. Bxg4 ({Much less strong is} 17. Na4 $6 Qd8 $14) 17... Nhf6 18. Bf3 Bd6 (18... g6 $16 {might work better.}) 19. g4 $18 Nf8 20. g5 N6d7 21. Kb1 g6 22. e4 dxe4 23. Qxe4+ Kd8 $2 (23... Ne6 {was necessary.} 24. Bg4 O-O-O) 24. Bg4 {[%emt 0:10:13] White is clearly winning.} Ba3 25. Bc1 {[%emt 0:01:12] Threatens to win with Re1.} Bb4 {[%emt 0:00:19] [#]} 26. Re1 $1 Ne6 27. Bxe6 fxe6 {[%emt 0:00:12] [#]} 28. Qxe6 $1 {[%emt 0:00:46][%cal Oc1f4] Intending Bf4! and mate.} Qxd4 (28... Qa5 29. Qe8+) 29. Rd1 Qg7 30. Ne4 {[%emt 0:00:08] Nf6 would kill now.} Qe7 31. Qc4 b5 32. Qxc6 {[%emt 0:01:22] White wants to mate with Nf6.} Rc8 33. Qxg6 {[%emt 0:01:07] Strongly threatening Bf4.} Kc7 34. Bf4+ Kb7 35. Bd6 {[%emt 0:00:15] White took control after the opening.  Weighted Error Value: White=0.02 (flawless) /Black=0.55} 1-0

[Event "2nd Serbia Open Masters 2022"]
[Site "Novi Sad"]
[Date "2022.07.02"]
[Round "5.1"]
[White "Can, Emre"]
[Black "Adhiban, B.."]
[Result "1/2-1/2"]
[ECO "D30"]
[WhiteElo "2599"]
[BlackElo "2616"]
[Annotator "TA"]
[PlyCount "26"]
[EventDate "2022.06.28"]
[EventType "swiss"]
[EventCountry "SRB"]
[SourceTitle "playchess.com"]
[Source "ChessBase"]
[SourceQuality "1"]
[TimeControl "40/5400+30:900+30"]

1. d4 e6 2. c4 d5 3. g3 dxc4 4. Bg2 c6 5. Nf3 b5 6. O-O Bb7 7. Nc3 {[%emt 0:01:14] D30: Queen's Gambit Declined: Systems without Nc3.} a6 8. Ne5 Nd7 $5 {[%emt 0:20:15][%mdl 4] An interesting side line.} 9. Nxc6 {[%emt 0:06:15] [#] White is slightly better.} Qb6 $5 $146 {[%emt 0:01:19][%mdl 8] [#] An interesting novelty.} ({Predecessor:} 9... Qc8 10. d5 b4 11. Na5 bxc3 12. Nxb7 Rb8 13. dxe6 fxe6 14. bxc3 Rxb7 15. Bxb7 Qxb7 {1-0 (43) Nesterov,A (2473)-Remizov,Y (2354) Cheliabinsk 2019}) 10. Be3 $1 {[%emt 0:06:36] And now d5 would win.} Ngf6 ({Weaker is} 10... Bxc6 11. d5 Bc5 12. dxc6 $16) 11. d5 Bc5 12. dxe6 fxe6 13. Bxc5 Qxc5 {[%emt 0:03:48] Weighted Error Value: White=0.01 (flawless) /Black=0.07 (flawless)} 1/2-1/2